 Dungeon Crawl Stone Soup version 0.21-a0-460-g737a915 (webtiles) character file.

173 esteth the Covert (level 5, -5/26 HPs)
             Began as a Spriggan Enchanter on Nov 20, 2017.
             Slain by a centaur skeleton (7 damage)
             ... on level 4 of the Dungeon.
             The game lasted 00:08:35 (4134 turns).

esteth the Covert (Spriggan Enchanter)              Turns: 4134, Time: 00:08:37

Health: -5/26      AC:  4    Str:  4 (6)  XL:     5   Next: 28%
Magic:  10/10      EV: 18    Int: 21 (23) God:
Gold:   103        SH:  0    Dex: 13 (16) Spells: 6/9 levels left

rFire    . . .     SeeInvis +   o - +0 dagger (speed)
rCold    . . .     Gourm    .   (shield restricted)
rNeg     . . .     Faith    .   b - +0 robe
rPois    .         Spirit   .   (helmet restricted)
rElec    .         Reflect  .   (no cloak)
rCorr    .         Harm     .   (gloves unavailable)
MR       .....                  (boots unavailable)
Stlth    ++++......             (no amulet)
HPRegen  0.08/turn              q - ring of flight
MPRegen  0.12/turn              (no ring)

@: brilliant, very quick
A: unfitting armour, yellow scales 1, see invisible, herbivore 3, speed 3,
robust 1, slow metabolism 2, strong 1, MP-powered wands
a: Evoke Flight


You were on level 4 of the Dungeon.
You were hungry.

You visited 1 branch of the dungeon, and saw 4 of its levels.

You collected 103 gold pieces.

Inventory:

Hand Weapons
 a - a +1 dagger
 o - a +0 dagger of speed (weapon)
Missiles
 k - 6 needles of frenzy
Armour
 b - a +0 robe (worn)
Jewellery
 q - a ring of flight (left hand)
Scrolls
 e - a scroll of magic mapping {unknown}
 g - a scroll of teleportation {unknown}
 h - a scroll of amnesia
 i - a scroll of remove curse
 j - a scroll of identify
 l - a scroll of enchant armour {unknown}
 r - a scroll of immolation {unknown}
Potions
 m - 2 potions of degeneration
 n - a potion of brilliance
Books
 c - a book of Maledictions

   Spells                             Type                      Level
   a - Corona                         Hexes                        1
   b - Ensorcelled Hibernation        Hexes/Ice                    2
   c - Confuse                        Hexes                        3
   d - Tukima's Dance                 Hexes                        3
   e - Dazzling Spray                 Conjuration/Hexes            3
Comestibles
 d - a bread ration
 f - 3 fruits


   Skills:
 + Level 2.0 Short Blades
 - Level 3.0 Dodging
 + Level 8.0 Stealth
 - Level 2.6 Spellcasting
 + Level 4.2 Hexes
 + Level 1.0 Ice Magic


You had 6 spell levels left.
You knew the following spells:

 Your Spells              Type           Power        Failure   Level  Hunger
a - Corona                Hex            ####...      1%          1    None
b - Ensorcelled Hibernat  Hex/Ice        ####..       1%          2    ##.....


Dungeon Overview and Level Annotations

Branches:
Dungeon (4/15)
 Temple: D:4-7

Altars:
Okawaru

Annotations:
D:2 exclusion: downstairs
D:3 Grinder


Innate Abilities, Weirdness & Mutations

You are very small and have problems with some larger weapons.
You are too small for most types of armour.
You have supernaturally acute eyesight. (SInv)
You are a herbivore.
You cover ground extremely quickly.
You need consume almost no food.
You are partially covered in yellow scales. (AC +2)
You are robust. (+10% HP)
Your muscles are strong. (Str +2)
You expend magic power (3 MP) to strengthen your wands.


Message History

You hit the centaur skeleton.
The centaur skeleton is almost destroyed.
The centaur skeleton closely misses you.
You hit the centaur skeleton.
The centaur skeleton is almost destroyed.
The centaur skeleton hits you.
* * * LOW HITPOINT WARNING * * *
It was a potion of degeneration.
There was something very wrong with that liquid.
You feel weakened.
You feel dopey.
You feel clumsy. The centaur skeleton barely misses you.
It was a potion of brilliance.
You feel clever all of a sudden.
The centaur skeleton closely misses you.
It was a potion of mutation.
You feel extremely strange.
You feel your magical essence link to your wands.
Yellow scales grow over part of your body.
You feel stronger.
You feel robust. The centaur skeleton hits you!
You die...

######### ##
....... . #.).##
.###
###?.@.##...##
#...Z........#
...............#
..#............#
........###......
........# #.#.##
........# .# #
......... .
....... .


You could see a centaur skeleton.

Vanquished Creatures
  A howler monkey (D:3)
  A worker ant (D:4)
  3 adders
  3 worms
  2 dart slugs
  A leopard gecko (D:3)
  5 orcs
  6 bats
  4 giant cockroaches
  10 goblins
  8 hobgoblins
  A quokka (D:3)
  2 ball pythons
  4 frilled lizards
  8 kobolds
  4 rats
63 creatures vanquished.

Notes
Turn   | Place    | Note
-------+----------+-------------------------------------------
     0 | D:1      | esteth the Spriggan Enchanter began the quest for the Orb.
     0 | D:1      | Reached XP level 1. HP: 9/9 MP: 5/5
   271 | D:1      | Reached skill level 5 in Stealth
   484 | D:1      | Reached XP level 2. HP: 13/13 MP: 6/6
   586 | D:1      | Learned a level 2 spell: Ensorcelled Hibernation
  1006 | D:1      | Reached skill level 6 in Stealth
  1130 | D:2      | Reached XP level 3. HP: 7/16 MP: 5/8
  1601 | D:2      | Reached skill level 7 in Stealth
  2207 | D:3      | Reached XP level 4. HP: 21/21 MP: 9/9
  2386 | D:3      | Found an iron altar of Okawaru.
  2388 | D:3      | Noticed Grinder
  2499 | D:3      | Found a faded altar of an unknown god.
  2980 | D:3      | HP: 1/21 [howler monkey (7)]
  3351 | D:3      | Reached XP level 5. HP: 18/24 MP: 7/10
  3540 | D:3      | HP: 1/24 [poisoned by an orc]
  4063 | D:4      | Reached skill level 8 in Stealth
  4063 | D:4      | Reached skill level 1 in Ice Magic
  4134 | D:4      | Gained mutation: You expend magic power (3 MP) to strengthen your wands. [potion of mutation]
  4134 | D:4      | Gained mutation: You are partially covered in yellow scales. (AC +2) [potion of mutation]
  4134 | D:4      | Gained mutation: Your muscles are strong. (Str +2) [potion of mutation]
  4134 | D:4      | Gained mutation: You are robust. (+10% HP) [potion of mutation]
  4134 | D:4      | Slain by a centaur skeleton

Vault maps used:
D:1:      eino_arrival_druids_welcome, serial_bayou_ford_a
D:2:      hex_medium
D:3:      okawaru_gym_becter, chequers_ecumenical_altar_island, uniq_grinder
D:4:      gammafunk_wand_slinger, uniq_edmund

Skill      XL: |  1  2  3  4  5 |
---------------+----------------+-----
Stealth        | 5 6 7 8 |  8.0
Hexes          | 4 |  4.2
Short Blades   | 2 |  2.0
Ice Magic      | 1 |  1.0
Dodging        | |  3.0
Spellcasting   | |  2.6

Action                   |  1- 3 |  4- 6 || total
-------------------------+-------+-------++-------
Melee: Dagger            |   144 |   216 ||   360
 Cast: Ensorcelled Hiber |     2 |     5 ||     7
  Use: Scroll            |     3 |       ||     3
       Potion            |       |     3 ||     3
 Stab: Sleeping          |    19 |    11 ||    30
  Eat: Fruit             |       |     1 ||     1
Armor: Robe              |     5 |    15 ||    20
Dodge: Dodged            |    91 |   120 ||   211

Table legend:
 A = Spawn XP
 B = Non-spawn XP
 C = Spawn XP percentage of total XP
 D = Spawn monster count
 E = Non-spawn monster count
 F = Spawn count percentage of total count
 G = Total turns spent on level
                    A         B        C        D         E        F      G
               +---------+---------+-------+---------+---------+-------+---------
         Total |       0 |     248 |   0.0 |       0 |      63 |   0.0 |  4134
               +---------+---------+-------+---------+---------+-------+---------
           D:1 |       0 |      28 |   0.0 |       0 |      16 |   0.0 |  1058
           D:2 |       0 |      65 |   0.0 |       0 |      20 |   0.0 |  1387
           D:3 |       0 |     118 |   0.0 |       0 |      25 |   0.0 |  1566
           D:4 |       0 |      37 |   0.0 |       0 |       2 |   0.0 |   123
               +---------+---------+-------+---------+---------+-------+---------
